 Dungeon Crawl Stone Soup version 0.19-a0-1209-gc6b3456 (webtiles) character file.

3907 AlphabetPasta the Jinx (level 10, 0/63 HPs)
             Began as a Merfolk Enchanter on Aug 20, 2016.
             Was a High Priest of Ru.
             Slain by a cyclops (15 damage)
             ... on level 12 of the Dungeon on Aug 21, 2016.
             The game lasted 01:29:12 (15562 turns).

AlphabetPasta the Jinx (Merfolk Enchanter)         Turns: 15562, Time: 01:29:12

Health: 0/63       AC: 11    Str: 14    XL:     10   Next: 20%
Magic:  6/30       EV: 19    Int: 20    God:    Ru [*****.]
Gold:   436        SH:  4    Dex: 16    Spells: 5 memorised, 11 levels left

rFire  . . .     SeeInvis +     U - +1 trident (venom)
rCold  . . .     Gourm    .     B - +1 leather armour of Urchodyqet {MP+9}
rNeg   . . .     Faith    .     (no shield)
rPois  .         Spirit   .     t - +1 helmet
rElec  .         Dismiss  .     z - +1 cloak {MR+}
rCorr  .         Reflect  +     G - +0 pair of gloves
MR     +....     Harm     .     (no boots)
Stlth  ++++......               L - +4 amulet of reflection
                                V - +3 ring of intelligence
                                y - +2 ring of protection

@: mighty, very slightly contaminated, hasted, very quick
A: change form in water, swift swim, see invisible, hated by all, inability to
train armour, inexperienced 1, missing an eye
a: Draw Out Power, Power Leap, Apocalypse, Renounce Religion


You were on level 12 of the Dungeon.
You worshipped Ru.
Ru was extremely pleased with you.
You were hungry.

You visited 2 branches of the dungeon, and saw 13 of its levels.
You also visited: Ossuary.

You collected 775 gold pieces.
You spent 339 gold pieces at shops.

Inventory:

Hand Weapons
 a - a +2 dagger of freezing
 U - a +1 trident of venom (weapon)
Missiles
 i - 4 throwing nets (quivered)
 s - 6 javelins
 v - 8 javelins of penetration
Armour
 b - a +1 robe
 t - a +1 helmet (worn)
 w - a +0 buckler
 x - a +1 robe of cold resistance
 z - a +1 cloak of magic resistance (worn)
 B - the +1 leather armour of Urchodyqet (worn) {MP+9}
   (You took it off an orc on level 4 of the Dungeon)

   It affects your magic capacity (+9).
 G - a +0 pair of gloves (worn)
Magical Staves
 d - an uncursed staff of power
Jewellery
 e - an uncursed ring of positive energy
 l - an uncursed ring of ice
 p - an uncursed ring of protection from fire
 u - an uncursed amulet of magic regeneration
 y - a +2 ring of protection (left hand)
 K - an uncursed ring of fire
 L - a +4 amulet of reflection (around neck)
 V - a +3 ring of intelligence (right hand)
Wands
 A - a wand of paralysis (12/24)
 S - a wand of random effects (19/48)
Scrolls
 f - 3 scrolls of magic mapping
 h - 4 scrolls of amnesia
 j - 6 scrolls of remove curse
 m - a scroll of enchant armour
 q - a scroll of holy word
 E - 4 scrolls of fear
 F - a scroll of blinking
 H - a scroll of enchant weapon
 I - 2 scrolls of recharging
 M - 3 scrolls of teleportation
 O - 2 scrolls of brand weapon
 Q - 4 scrolls of identify
Potions
 n - 2 potions of resistance
 r - 6 potions of curing
 C - a potion of cancellation
 D - 2 potions of might
 R - a potion of magic
 T - a potion of berserk rage
Books
 c - a book of Maledictions

   Spells                             Type                      Level
   a - Corona                         Hexes                        1
   b - Ensorcelled Hibernation        Hexes/Ice                    2
   c - Confuse                        Hexes                        3
   d - Tukima's Dance                 Hexes                        3
   e - Dazzling Spray                 Conjuration/Hexes            3
 N - a book of Frost

   Spells                             Type                      Level
   a - Freeze                         Ice                          1
   b - Throw Frost                    Conjuration/Ice              2
   c - Ozocubu's Armour               Charms/Ice                   3
   d - Throw Icicle                   Conjuration/Ice              4
   e - Summon Ice Beast               Ice/Summoning                4
Comestibles
 o - 7 bread rations
 J - a meat ration
 P - 5 beef jerkies


   Skills:
 + Level 9.4 Short Blades
 - Level 1.7 Polearms
 - Level 10.4 Dodging
 + Level 9.7 Stealth
 * Level 2.0 Shields
 + Level 7.3 Spellcasting
 * Level 11.3 Hexes
 - Level 3.3 Ice Magic


You had 11 spell levels left.
You knew the following spells:

 Your Spells              Type           Power        Failure   Level  Hunger
a - Corona                Hex            ######.      1%          1    None
b - Ensorcelled Hibernat  Hex/Ice        #####.       1%          2    None
c - Confuse               Hex            ######..     1%          3    #......
d - Tukima's Dance        Hex            ######..     1%          3    #......
e - Dazzling Spray        Conj/Hex       ####..       3%          3    #......


Dungeon Overview and Level Annotations

Branches:
Dungeon (12/15)            Temple (1/1) D:5            Lair (0/6) D:8
    Orc (0/2) D:12

Altars:
Ashenzari
Cheibriados
Dithmenos
Elyvilon
Fedhas
Gozag
Hepliaklqana
Kikubaaqudgha
Makhleb
Nemelex Xobeh
Okawaru
Qazlal
Ru
Sif Muna
Trog
Uskayaw
Vehumet
Xom
Yredelemnul
Zin
The Shining One

Shops:
D:8 ?   D:9 ?

Annotations:
D:7 exclusion: statue


Innate Abilities, Weirdness & Mutations

You revert to your normal form in water.
You are very nimble and swift while swimming.
You are hated by all.
You cannot train Armour skill.
You are somewhat inexperienced. (-2 XL)
You are missing an eye, making it more difficult to aim.
You have supernaturally acute eyesight. (SInv)


Message History

Confirm with . or Enter, or press ? or * to list all spells.
Aiming: Confuse
Press: ? - help, Shift-Dir - straight line, f - cyclops
Aim: a cyclops (chance to defeat MR: 56%)
The cyclops resists with significant effort.
The cyclops is stunned by your will and fails to attack.
Casting: Confuse
Confirm with . or Enter, or press ? or * to list all spells.
Aiming: Confuse
Press: ? - help, Shift-Dir - straight line, f/p - cyclops
Aim: a cyclops (chance to defeat MR: 56%)
The cyclops resists with significant effort.
Casting: Confuse
Confirm with . or Enter, or press ? or * to list all spells.
Aiming: Confuse
Press: ? - help, Shift-Dir - straight line, f/p - cyclops
Aim: a cyclops (chance to defeat MR: 56%)
The cyclops resists with significant effort.
The cyclops hits you!
You die...

#.### #..# ..##.# #. #)##
..#.# #.# #...######## #.#
..........# # #.#
#.........# ... #.#
#...>.....# $....###.#
##.........#
z........########..........#
..............@C(.).........
.......##########....).....>
z...... #.............
....... #.##.........#
....... #.#........###
....#.# .........##.. ##..Z.
..........# ... ...........#
. ...........


You could see a cyclops.

Vanquished Creatures
  Fannar (D:10)
  2 hydras
  The ghost of wearedevo the Grappler, a novice NaTm of Cheibriados (D:7)
  2 unseen horrors (D:11)
  Pikel (D:8)
  A hill giant (D:12)
  2 manticores
  The ghost of PurpleRed the Destroyer, a novice DECj of Vehumet (D:8)
  A gargoyle (D:12)
  A komodo dragon (D:12)
  3 trolls
  A wyvern (D:9)
  A wraith (D:10)
  A steam dragon (D:11)
  3 hippogriffs
  Menkaure (D:5)
  4 wargs (D:12)
  A soldier ant (D:10)
  4 slaves (D:5)
  4 sky beasts
  2 ice beasts
  2 black bears
  An eye of draining (D:11)
  3 ogres
  3 orc warriors
  2 necrophages
  4 phantoms
  4 wolves (D:8)
  6 centaurs
  A crocodile (D:11)
  2 big kobolds
  A gnoll sergeant (D:11)
  6 giant frogs
  5 scorpions
  5 killer bees
  6 howler monkeys
  An electric eel (D:8)
  A centaur zombie (D:11)
  A giant frog zombie (D:7)
  A jelly (D:5)
  4 crimson imps
  9 hounds
  10 orc priests
  9 orc wizards
  3 centaur skeletons
  An iron imp (D:7)
  2 giant frog skeletons
  A gnoll shaman (D:7)
  4 iguanas
  6 worker ants
  3 mummies (Ossuary)
  Robin (D:3)
  8 adders
  10 gnolls
  3 adder skeletons
  4 adder zombies
  4 worms
  3 dart slugs (D:1)
  3 giant geckos
  42 orcs
  5 bats
  6 giant cockroaches
  21 goblins
  11 hobgoblins
  20 jackals
  16 kobolds
  8 quokkas
  2 ball pythons
  A ball python zombie (D:5)
  A giant gecko skeleton (D:5)
  4 giant newts
  2 goblin skeletons
  2 goblin zombies
  6 hobgoblin zombies
  A jackal skeleton (D:7)
  A kobold skeleton (D:7)
  6 kobold zombies
  3 orc zombies (D:7)
  2 quokka zombies (Ossuary)
  4 rats
  6 rat zombies (Ossuary)
351 creatures vanquished.

Vanquished Creatures (others)
  A human (D:3)
  A crimson imp (D:8)
  An adder (D:3)
  A giant gecko (D:3)
  An orc (D:8)
  2 hobgoblins (D:3)
  A bat (D:3)
  2 kobolds (D:3)
10 creatures vanquished.

Grand Total: 361 creatures vanquished

Notes
Turn   | Place    | Note
-------+----------+-------------------------------------------
     0 | D:1      | AlphabetPasta the Merfolk Enchanter began the quest for the Orb.
     0 | D:1      | Reached XP level 1. HP: 13/13 MP: 3/3
   406 | D:1      | Reached XP level 2. HP: 14/19 MP: 3/5
   410 | D:1      | Learned a level 2 spell: Ensorcelled Hibernation
   470 | D:1      | Upgraded the game from 0.19-a0-1203-g7dfd8ee to 0.19-a0-1207-g69d5fc3
  1187 | D:1      | Reached XP level 3. HP: 24/24 MP: 1/6
  1526 | D:2      | Learned a level 3 spell: Confuse
  1554 | D:2      | Found a sacrificial altar of Ru.
  1562 | D:2      | Became a worshipper of Ru the Awakened
  1684 | D:2      | Found an ancient bone altar of Kikubaaqudgha.
  1722 | D:2      | Reached XP level 4. HP: 30/30 MP: 7/7
  2620 | D:3      | Noticed Robin
  2676 | D:3      | Killed Robin
  2676 | D:3      | Reached skill level 4 in Hexes
  2692 | D:3      | Gained mutation: You cannot train Armour skill. [Ru sacrifice]
  2692 | D:3      | Reached * piety under Ru
  2731 | D:3      | Found a runed door.
  2731 | D:3      | Noticed a human
  2734 | D:3      | Found a basalt altar of Yredelemnul.
  3147 | D:3      | Reached XP level 5. HP: 15/35 MP: 4/8
  4038 | D:3      | Killed a human
  4078 | D:3      | Killed an orc priest
  4078 | D:3      | Reached XP level 6. HP: 41/41 MP: 3/9
  4086 | D:3      | Learned a level 3 spell: Tukima's Dance
  4474 | D:4      | Gained mutation: You have supernaturally acute eyesight. (SInv) [potion of beneficial mutation]
  4553 | D:4      | Found a sand-covered staircase.
  4557 | Ossuary  | Entered an ossuary
  5323 | D:4      | Reached skill level 5 in Dodging
  5355 | D:4      | Found a burning altar of Makhleb.
  5680 | D:4      | Got a bronze leather armour
  5706 | D:4      | Reached XP level 7. HP: 36/46 MP: 0/11
  5712 | D:4      | Identified the +1 leather armour of Urchodyqet {MP+9} (You took it off an orc on level 4 of the Dungeon)
  5822 | D:4      | Reached skill level 5 in Hexes
  6014 | D:5      | Entered Level 5 of the Dungeon
  6199 | D:5      | Found a staircase to the Ecumenical Temple.
  6208 | Temple   | Entered the Ecumenical Temple
  6568 | D:5      | Upgraded the game from 0.19-a0-1207-g69d5fc3 to 0.19-a0-1209-gc6b3456
  6916 | D:5      | Found a stormy altar of Qazlal.
  6985 | D:5      | Noticed Menkaure
  6988 | D:5      | Killed Menkaure
  6988 | D:5      | Reached skill level 5 in Stealth
  7326 | D:5      | Reached XP level 8. HP: 52/52 MP: 12/13
  7383 | D:5      | Learned a level 3 spell: Tukima's Dance
  8696 | D:6      | You fall through a shaft for 3 floors!
  8772 | D:8      | Noticed Pikel
  8812 | D:8      | Killed Pikel
  8812 | D:8      | Reached skill level 5 in Short Blades
  8812 | D:8      | Reached skill level 6 in Hexes
  8836 | D:8      | Noticed a troll
  8861 | D:8      | Found Deotoh's Magic Scroll Emporium.
  8875 | D:8      | Bought a scroll of identify for 26 gold pieces
  8875 | D:8      | Bought a scroll of fear for 45 gold pieces
  8875 | D:8      | Bought a scroll of identify for 26 gold pieces
  8875 | D:8      | Bought a scroll of blinking for 97 gold pieces
  8877 | D:8      | Bought a scroll of identify for 26 gold pieces
  8881 | D:8      | Noticed PurpleRed's ghost (novice DECj)
  8912 | D:7      | Noticed wearedevo's ghost (novice NaTm)
  8921 | D:7      | Found a glowing golden altar of the Shining One.
  8933 | D:7      | Reached skill level 7 in Hexes
  8941 | D:7      | Reached XP level 9. HP: 52/57 MP: 15/15
  9091 | D:6      | Identified a scroll of acquirement
  9522 | D:6      | Found a hazy altar of Hepliaklqana.
  9981 | D:7      | Found a radiant altar of Vehumet.
 10335 | D:7      | Noticed a dagger
 10336 | D:7      | Found a hide-covered altar of Uskayaw.
 10336 | D:7      | Noticed a dagger
 10454 | D:7      | Reached skill level 8 in Hexes
 10486 | D:7      | Reached skill level 5 in Spellcasting
 10526 | D:7      | Killed wearedevo's ghost
 10526 | D:7      | Reached XP level 10. HP: 63/63 MP: 17/17
 10740 | D:8      | Found a staircase to the Lair.
 10836 | D:8      | Reached skill level 9 in Hexes
 10946 | D:7      | Gained mutation: You are missing an eye, making it more difficult to aim. [Ru sacrifice]
 10946 | D:7      | Reached ** piety under Ru
 11252 | D:8      | Killed PurpleRed's ghost
 12765 | D:9      | Reached skill level 10 in Hexes
 12834 | D:9      | Found Voimitt's Magic Scroll Boutique.
 12840 | D:9      | Bought a scroll of teleportation for 51 gold pieces
 12840 | D:9      | Bought a scroll of identify for 34 gold pieces
 12840 | D:9      | Bought a scroll of identify for 34 gold pieces
 12939 | D:9      | Reached XP level 11. HP: 68/68 MP: 20/20
 12957 | D:10     | Entered Level 10 of the Dungeon
 13058 | D:10     | Gained mutation: You are hated by all. [Ru sacrifice]
 13058 | D:10     | Reached *** piety under Ru
 13072 | D:10     | Reached skill level 1 in Ice Magic
 13322 | D:10     | Noticed a four-headed hydra
 13362 | D:10     | Killed a four-headed hydra
 13487 | D:10     | Noticed Fannar
 13516 | D:10     | HP: 3/68 [Fannar/bolt of cold (13)]
 13525 | D:10     | HP: 1/68 [Fannar/bolt of cold (28)]
 13860 | D:10     | Killed Fannar
 13963 | D:10     | Noticed a manticore
 13970 | D:10     | Killed a manticore
 14116 | D:11     | Noticed an unseen horror
 14131 | D:11     | Killed an unseen horror
 14144 | D:11     | Learned a level 3 spell: Dazzling Spray
 14161 | D:11     | Noticed an eight-headed hydra
 14482 | D:11     | Noticed a manticore
 14730 | D:11     | Killed an eight-headed hydra
 14730 | D:11     | Reached skill level 10 in Dodging
 14797 | D:11     | Killed a manticore
 14884 | D:11     | Noticed an unseen horror
 14892 | D:11     | Killed an unseen horror
 14892 | D:11     | Reached skill level 1 in Polearms
 14892 | D:11     | Reached skill level 11 in Hexes
 15399 | D:12     | Reached XP level 12. HP: 45/74 MP: 22/22
 15495 | D:12     | Reached skill level 1 in Shields
 15497 | D:12     | Found a staircase to the Orcish Mines.
 15525 | D:12     | Gained mutation: You are somewhat inexperienced. (-2 XL) [Ru sacrifice]
 15525 | D:12     | Reached XP level 11. HP: 38/68 MP: 12/31
 15525 | D:12     | Reached XP level 10. HP: 38/63 MP: 12/30
 15525 | D:12     | Reached **** piety under Ru
 15525 | D:12     | Reached ***** piety under Ru
 15562 | D:12     | Slain by a cyclops

Vault maps used:
D:1:      eino_arrival_druids_welcome, minmay_misc_feat_roman
D:2:      kiku_gazebo_pond_becter, nicolae_ru_sacrificial_ziggurat
D:3:      kennysheep_goblin_castle, dk_yredelemnul_ordeal
D:4:      makhleb_grotto_becter, enter_ossuary_5, abandoned_shop
D:5:      nicolae_overflow_crystal_walls, first_bread, uniq_menkaure, uniq_pikel
D:6:      old_standard_altar
D:7:      nicolae_tso_besieged_by_evil, dancing_weapons_uskayaw, vehumet_statue
D:8:      erik_lair_island, serial_shops, nicolae_shop_stone
D:9:      serial_shops, nicolae_shop_competitors_out_of_business,
          grunt_ogre_cave
D:10:     uniq_fannar
D:11:     minmay_misc_feat_pillars
D:12:     minmay_orc_entry_guard_dogs, special_room
Temple:   eino_temple_lava
Ossuary:  ossuary_minmay_chase

Skill      XL: |  1  2  3  4  5  6  7  8  9 10 11 12 |
---------------+-------------------------------------+-----
Dodging        | 3 4 5 6 8 9 10 | 10.4
Short Blades   | 2 3 4 5 6 8 9 |  9.4
Hexes          | 4 5 7 8 10 11 | 11.3
Stealth        | 4 5 6 7 8 9 |  9.7
Spellcasting   | 3 4 5 6 7 |  7.3
Ice Magic      | 3 |  3.3
Polearms       | 1 |  1.7
Shields        | 2 1 |  2.0

Action                   |  1- 3 |  4- 6 |  7- 9 | 10-12 || total
-------------------------+-------+-------+-------+-------++-------
Melee: Dagger            |   100 |   486 |   420 |   533 ||  1539
       Tailslap          |       |     8 |       |    12 ||    20
       Trident           |       |       |       |     3 ||     3
 Cast: Corona            |     7 |     1 |       |       ||     8
       Ensorcelled Hiber |     8 |    36 |    66 |    90 ||   200
       Confuse           |       |     9 |    43 |    88 ||   140
Invok: Sacrifice Durabil |       |     1 |       |       ||     1
       Sacrifice Experie |       |       |       |     1 ||     1
       Sacrifice an Eye  |       |       |       |     1 ||     1
       Sacrifice Love    |       |       |       |     1 ||     1
Evoke: Wand              |       |       |       |     7 ||     7
  Use: Scroll            |       |    15 |    14 |     9 ||    38
       Potion            |       |     3 |     2 |     7 ||    12
 Stab: Sleeping          |     8 |    27 |    46 |    63 ||   144
       Distracted        |       |     2 |     2 |     3 ||     7
       Confused          |       |     4 |    18 |    44 ||    66
       Invisible         |       |       |     9 |     2 ||    11
  Eat: Chunk             |     3 |     9 |    15 |    11 ||    38
       Bread ration      |       |     2 |       |     1 ||     3
       Fruit             |       |       |     3 |     3 ||     6
       Meat ration       |       |       |     1 |       ||     1
       Beef jerky        |       |       |       |     1 ||     1
Armor: Robe              |    24 |    73 |       |       ||    97
       Leather armour    |       |       |    93 |    68 ||   161
Dodge: Dodged            |    65 |   287 |   219 |   287 ||   858
Block: Other             |       |       |       |    33 ||    33
       Reflection        |       |       |       |     1 ||     1
